 Dungeon Crawl Stone Soup version 0.27-a0-1147-gb3d8e82157 (webtiles) character file.

Game seed: 12427491680573061155

74 DasRunzen the Slasher (level 4, -2/34 HPs)
             Began as a Demonspawn Gladiator on May 12, 2021.
             Was a Believer of Jiyva.
             Killed from afar by Ijyb (14 damage)
             ... with a bolt of acid
             ... on level 3 of the Dungeon.
             The game lasted 00:03:11 (1826 turns).

DasRunzen the Slasher (Demonspawn Gladiator)        Turns: 1826, Time: 00:03:11

Health: -2/34      AC:  0    Str: 12    XL:     4   Next: 10%
Magic:  4/4        EV: 12    Int: 12    God:    Jiyva [**....]
Gold:   36         SH:  0    Dex: 15    Spells: 3/3 levels left

rFire    . . .     SeeInvis .   a - +0 long sword
rCold    . . .     Faith    .   (no shield)
rNeg     . . .     Spirit   .   b - +0 leather armour
rPois    .         Reflect  .   c - +0 helmet
rElec    .         Harm     .   (no cloak)
rCorr    .         Rampage  .   (no gloves)
Will     .....                  (no boots)
Stlth    +.........             (no amulet)
HPRegen  0.11/turn              (no ring)
MPRegen  0.09/turn              (no ring)

@: mighty, corroded
A: powered by pain 2
a: Renounce Religion, Request Jelly


You were on level 3 of the Dungeon.
You worshipped Jiyva.
Jiyva was pleased with you.
You visited 1 branch of the dungeon, and saw 3 of its levels.

You collected 36 gold pieces.

Inventory:

Hand Weapons
 a - a +0 long sword (weapon)
Missiles
 d - 3 throwing nets (quivered)
Armour
 b - a +0 leather armour (worn)
 c - a +0 helmet (worn)
Scrolls
 h - a scroll of teleportation
Potions
 e - a potion of cancellation
 g - a potion of brilliance {unknown}


   Skills:
 + Level 2.7 Fighting
 + Level 3.2 Long Blades
 - Level 1.7 Throwing
 + Level 1.4 Armour
 + Level 3.2 Dodging


You had 3 spell levels left.
You didn't know any spells.
Your spell library was empty.

Dungeon Overview and Level Annotations

Branches:
Dungeon (3/15)

Altars:
Jiyva

Annotations:
D:3 Ijyb


Innate Abilities, Weirdness & Mutations

You sometimes gain power by taking damage.


Message History

You hear a distant slurping noise.
You see here a +0 club.
You hear a distant slurping noise.
You hear a distant slurping noise.
f - a yellow potion
h - a scroll of teleportation A hobgoblin comes into view.
The hobgoblin shouts!
You hit the hobgoblin.
The hobgoblin is moderately wounded.
The hobgoblin hits you.
You hit the hobgoblin.
You kill the hobgoblin!
No target in view!
A rat comes into view.
Ijyb the Twisted Goblin comes into view.
She is wielding a +0 club and carrying a wand of acid (12).
You barely miss the rat. The rat closely misses you.
Ijyb zaps a wand.
The bolt of acid misses the rat.
The bolt of acid misses you.
Jiyva gurgles merrily.
You closely miss the rat. The rat bites you but does no damage.
You hit the rat.
You kill the rat!
Ijyb zaps a wand.
The bolt of acid misses you.
You hear a distant slurping noise.
Ijyb barely misses you.
You hit Ijyb but do no damage. Ijyb hits you with a +0 club.
Ijyb zaps a wand.
The bolt of acid hits you! The acid corrodes you!
You are splashed with acid!
* * * LOW HITPOINT WARNING * * *
You focus on the pain.
You feel very mighty all of a sudden.
You are too injured to fight recklessly!
You are too injured to fight recklessly!
Unknown command.
It was a potion of curing.
You feel better. Ijyb barely misses you.
You riposte.
You hit Ijyb.
Ijyb is moderately wounded.
You hit Ijyb but do no damage.
Ijyb is moderately wounded.
Ijyb zaps a wand.
The bolt of acid hits you!
You die...

#. #.
#.#####
#...J.
#.... # ...
#g# #@# #.#
#.# #.#
^... #.#
#..... #.#
#. #.....
#.# #..
.... #.#
#..####.###
##.##
#.........†


You could see Ijyb and a neutral jelly (wandering) (fellow slime).

Vanquished Creatures
  Jessica (D:2)
  2 adders
  A dart slug (D:3)
  An endoplasm (D:1)
  A giant cockroach (D:2)
  2 goblins (D:1)
  3 hobgoblins
  3 jackals (D:1)
  2 quokkas
  A ball python (D:3)
  A bat (D:2)
  4 frilled lizards
  4 kobolds
  6 rats
32 creatures vanquished.

Vanquished Creatures (others)
  An adder (D:2)
  An orc (D:3)
  2 bats (D:2)
  3 goblins (D:2)
  4 hobgoblins
  3 quokkas
  2 frilled lizards
  3 rats
  6 plants (D:1)
  11 withered plants (D:1)
36 creatures vanquished.

Grand Total: 68 creatures vanquished

Notes
Turn   | Place    | Note
-------+----------+-------------------------------------------
     0 | D:1      | DasRunzen the Demonspawn Gladiator began the quest for the
                  | Orb.
     0 | D:1      | Reached XP level 1. HP: 16/16 MP: 1/1
   193 | D:1      | Found a faded altar of an unknown god.
   213 | D:1      | Gained mutation: You sometimes gain a little power by
                  | taking damage. [demonic ancestry]
   213 | D:1      | Reached XP level 2. HP: 19/22 MP: 2/2
   405 | D:1      | Became a worshipper of Jiyva Jeoluecu the Shapeless
   405 | D:1      | Reached * piety under Jiyva
   753 | D:2      | Reached ** piety under Jiyva
   928 | D:2      | Reached skill level 1 in Armour
  1099 | D:2      | Reached XP level 3. HP: 28/28 MP: 3/3
  1175 | D:2      | Noticed Jessica
  1183 | D:2      | Killed Jessica
  1608 | D:3      | Gained mutation: You sometimes gain power by taking damage.
                  | [demonic ancestry]
  1608 | D:3      | Reached XP level 4. HP: 34/34 MP: 4/4
  1817 | D:3      | Noticed Ijyb
  1826 | D:3      | Killed from afar by Ijyb

Illustrated notes

Levels and vault maps discovered:
D:1:      lemuel_arrival_hallway, layout_basic,
          shapermc_ecumenical_altar_flowoftime
D:2:      layout_rooms, ebering_dispersal_statue_hall, uniq_jessica
D:3:      layout_loops_ring, lemuel_tele_altar, nrook_loot_triangle, uniq_ijyb

Skill      XL: |  1  2 |
---------------+-------+-----
Long Blades    | 3 |  3.2
Armour         | 1 |  1.4
Dodging        | 3 |  3.2
Fighting       | |  2.7
Throwing       | |  1.7

Action                   |  1- 3 |  4- 6 || total
-------------------------+-------+-------++-------
Melee: Long sword        |    86 |    13 ||    99
  Use: Scroll            |     2 |       ||     2
       Potion            |       |     1 ||     1
 Stab: Sleeping          |     1 |       ||     1
Armor: Leather armour    |    24 |     3 ||    27
Dodge: Dodged            |    47 |    13 ||    60
       Rpst.: Long sword |    14 |     3 ||    17

Table legend: (Time is in decaauts)
 A = Elapsed time spent in this place.
 B = Non-inter-level travel time spent in this place.
 C = Inter-level travel time spent in this place.
 D = Time resting spent in this place.
 E = Time spent auto-exploring this place.
 F = Levels seen in this place.
 G = Mean time per level.
                   A        B        C        D        E       F      G
               +--------+--------+--------+--------+--------+-----+--------+
         Total |   1850 |   1829 |     21 |    213 |   1281 |   3 |  616.7 |
       Dungeon |   1850 |   1829 |     21 |    213 |   1281 |   3 |  616.7 |
               +--------+--------+--------+--------+--------+-----+--------+

Top non-repeatable levels by time:
     D:2: 859 daAuts
     D:1: 513 daAuts
     D:3: 477 daAuts
